 Dungeon Crawl Stone Soup version 0.18.1-50-g88ac8fd (webtiles) character file.

331 urga the Insei (level 6, -5/51 HPs)
             Began as a Draconian Monk on Oct 20, 2016.
             Slain by an orc priest
             ... wielding a +0 trident
              (8 damage)
             ... on level 6 of the Dungeon.
             The game lasted 00:09:33 (2947 turns).

urga the Insei (Draconian Monk)                     Turns: 2947, Time: 00:09:34

Health: -5/51      AC:  6    Str: 14    XL:     6   Next: 26%
Magic:  6/6        EV: 18    Int: 11    God:
Gold:   165        SH:  7    Dex: 19    Spells: 0 memorised, 5 levels left

rFire  . . .     SeeInvis .       - Unarmed
rCold  . . .     Gourm    .     (armour unavailable)
rNeg   . . .     Faith    .     i - +2 buckler
rPois  .         Spirit   .     (helmet restricted)
rElec  .         Dismiss  .     (no cloak)
rCorr  .         Reflect  .     (no gloves)
SustAt .         Harm     .     (no boots)
MR     .....                    b - amulet of regeneration
Stlth  +++.......               (no ring)
                                (no ring)

@: agile, not resistant to hostile enchantments, fairly stealthy
A: unfitting armour, cold-blooded, AC +6
a: no special abilities


You were on level 6 of the Dungeon.
You were not hungry.

You visited 2 branches of the dungeon, and saw 7 of its levels.

You collected 165 gold pieces.

Inventory:

Armour
 i - a +2 buckler (worn)
Jewellery
 b - an amulet of regeneration (around neck)
 j - an uncursed amulet of dismissal {unknown}
 l - an uncursed amulet of the gourmand {unknown}
 y - an uncursed amulet of guardian spirit {unknown}
Wands
 q - a wand of iceblast (9/15)
 u - a wand of acid (5/15)
Scrolls
 c - a scroll of fog {unknown}
 e - 3 scrolls of identify {unknown}
 h - a scroll of random uselessness {unknown}
 k - a scroll of enchant armour {unknown}
 w - a scroll of amnesia {unknown}
 B - a scroll of blinking {unknown}
Potions
 A - a potion of flight {unknown}
Comestibles
 a - 3 bread rations
 m - a slice of pizza
 r - a royal jelly
 t - a meat ration
 z - 5 fruits


   Skills:
 - Level 3.4 Fighting
 - Level 3.0 Dodging
 - Level 2.1 Stealth
 + Level 3.0 Shields
 * Level 6.5 Unarmed Combat


You had 5 spell levels left.
You didn't know any spells.

Dungeon Overview and Level Annotations

Branches:
Dungeon (7/15)             Temple (1/1) D:4

Altars:
Ashenzari
Elyvilon
Fedhas
Kikubaaqudgha
Nemelex Xobeh
Okawaru
Sif Muna
Vehumet
Yredelemnul
Zin

Annotations:
D:7 Menkaure


Innate Abilities, Weirdness & Mutations

Your plain brown scales are hard (AC +6).
Your body does not fit into most forms of armour.
You are cold-blooded and may be slowed by cold attacks.


Message History

Okay, then.
The crimson imp hits you.
* * * LOW HITPOINT WARNING * * *
You block the orc priest's attack. The crimson imp misses you.
Your magical contamination has completely faded away.
You hit the orc priest.
The orc priest is lightly wounded.
The orc priest barely misses you. The crimson imp closely misses you.
You barely miss the orc priest. You tail-slap the orc priest.
The orc priest is moderately wounded.
The orc priest invokes the aid of Beogh against you.
Beogh smites you!
* * * LOW HITPOINT WARNING * * *
The crimson imp grins evilly.
You block the crimson imp's attack.
You completely miss the orc priest.
The orc priest is moderately wounded.
The orc priest hits you with a trident!
You die...

#.# ..# #.#
#.# #l# #o#
#o#
###@#######.
#..5........
#...#.#####.##
#.###.. # #...
#####


You could see an orc priest, a crimson imp, an orc and a giant gecko.

Vanquished Creatures
  2 orc priests
  2 orc wizards
  Terence (D:2)
  Robin (D:3)
  7 adders
  2 worms (D:3)
  2 dart slugs
  9 giant geckos
  9 orcs
  8 bats
  A giant cockroach (D:1)
  11 hobgoblins
  10 jackals
  9 kobolds
  A quokka (D:4)
  2 giant newts (D:2)
  9 goblins
  9 rats
95 creatures vanquished.

Notes
Turn   | Place    | Note
--------------------------------------------------------------
     0 | D:1      | urga the Draconian Monk began the quest for the Orb.
     0 | D:1      | Reached XP level 1. HP: 19/19 MP: 1/1
   115 | D:1      | Reached XP level 2. HP: 26/26 MP: 2/2
   497 | D:1      | Reached XP level 3. HP: 31/31 MP: 3/3
   736 | D:2      | Found a white marble altar of Elyvilon.
   797 | D:2      | Reached skill level 1 in Shields
   938 | D:2      | Found a deep blue altar of Sif Muna.
   969 | D:2      | Noticed Terence
   986 | D:2      | Killed Terence
   986 | D:2      | Reached XP level 4. HP: 35/38 MP: 4/4
  1083 | D:2      | Reached skill level 5 in Unarmed Combat
  1467 | D:3      | Noticed an ogre
  1814 | D:3      | Reached XP level 5. HP: 45/45 MP: 5/5
  1908 | D:3      | Found a blossoming altar of Fedhas.
  2290 | D:3      | Noticed Robin
  2311 | D:3      | Killed Robin
  2532 | D:4      | Reached skill level 6 in Unarmed Combat
  2607 | D:4      | Found a staircase to the Ecumenical Temple.
  2626 | D:4      | Reached XP level 6. HP: 51/51 MP: 6/6
  2630 | Temple   | Entered the Ecumenical Temple
  2869 | D:4      | Gained mutation: You have a pair of small antennae on your head. [potion of beneficial mutation]
  2886 | D:4      | You fall through a shaft for 3 floors!
  2897 | D:7      | Noticed Menkaure
  2898 | D:7      | Noticed an orc warrior
  2923 | D:6      | Gained mutation: Your mind is acute. (Int +2) [potion of beneficial mutation]
  2924 | D:6      | Lost mutation: You have a pair of small antennae on your head. [potion of cure mutation]
  2924 | D:6      | Lost mutation: Your mind is acute. (Int +2) [potion of cure mutation]
  2946 | D:6      | HP: 2/51 [orc priest/divine providence (11)]
  2947 | D:6      | Slain by an orc priest

Skill      XL: |  1  2  3  4  5  6 |
---------------+-------------------+-----
Stealth        | 2 |  2.1
Dodging        | 3 |  3.0
Shields        | 1 2 3 |  3.0
Unarmed Combat | 5 6 |  6.5
Fighting       | |  3.4

Action                   |  1- 3 |  4- 6 || total
-------------------------+-------+-------++-------
Melee: Unarmed           |   122 |   279 ||   401
       Tailslap          |    12 |    40 ||    52
       Punch             |     1 |       ||     1
  Use: Potion            |     2 |     8 ||    10
       Scroll            |       |     4 ||     4
 Stab: Sleeping          |     4 |     7 ||    11
       Distracted        |       |     1 ||     1
  Eat: Chunk             |       |     7 ||     7
Armor: Skin              |    29 |    64 ||    93
Dodge: Dodged            |    62 |   126 ||   188
Block: Buckler           |    13 |    86 ||    99
